 Dungeon Crawl Stone Soup version 0.30.0-10-gfe55d96785 (webtiles) character file.

Game seed: 14918355080730322140

21384 croobank the Thaumaturge (level 12, -3/92 HPs)
             Began as a Gnoll Earth Elementalist on May 13, 2023.
             Was a High Priest of Cheibriados.
             Slain by a komodo dragon (16 damage)
             ... on level 1 of the Lair of Beasts.
             The game lasted 01:06:10 (13531 turns).

croobank the Thaumaturge (GnEE)                    Turns: 13531, Time: 01:06:10

Health: -3/92      AC: 14    Str: 19    XL:     12   Next: 89%
Magic:  17/25      EV: 23    Int: 38    God:    Cheibriados [*****.]
Gold:   191        SH:  0    Dex: 33    Spells: 6/30 levels left

rFire   . . .        e - staff of earth "Xopn" {rElec rN++ Will+++ Str-4}
rCold   + . .        (no shield)
rNeg    + + +        T - +1 leather armour of Mobb {rElec Int+3}
rPois   +            N - +1 helmet of Powerful Joy {rC+ rN+ Int+3}
rElec   +            K - +0 cloak
rCorr   .            q - +1 pair of gloves
SInv    .            k - +2 pair of boots
Will    +++..        y - amulet of magic regeneration
Stlth   +++++        r - +6 ring of dexterity
HPRegen 0.35/turn    J - ring of poison resistance
MPRegen 0.59/turn

%: no passive effects
@: mighty, freezing walls, very slow
A: fangs 1, strong nose, distributed training
a: Renounce Religion, Bend Time, Temporal Distortion, Slouch, Step From Time


You were on level 1 of the Lair of Beasts.
You worshipped Cheibriados.
Cheibriados was extremely pleased with you.
You visited 2 branches of the dungeon, and saw 13 of its levels.
You also visited: Bailey.

You collected 764 gold pieces.
You spent 573 gold pieces at shops.

Inventory:

Hand Weapons
 n - a +3 halberd
 x - a +5 spear of flaming
 F - a +4 dire flail of freezing
 G - a +0 scimitar
 H - a +3 long sword
 P - a +0 dagger of holy wrath
Missiles
 W - 3 javelins
Armour
 d - a +2 robe of cold resistance
 k - a +2 pair of boots (worn)
 q - a +1 pair of gloves (worn)
 K - a +0 cloak (worn)
 N - the +1 helmet of Powerful Joy (worn) {rC+ rN+ Int+3}
   (You found it in a bailey)

   Int:       It affects your intelligence (+3).
   rC:        It protects you from cold.
   rN:        It protects you from negative energy.
 R - a +2 chain mail of willpower
 T - the +1 leather armour of Mobb (worn) {rElec Int+3}
   (You found it on level 10 of the Dungeon)

   Int:       It affects your intelligence (+3).
   rElec:     It insulates you from electricity.
 V - a +0 troll leather armour
Magical Staves
 e - the staff of earth "Xopn" (weapon) {rElec rN++ Will+++ Str-4}
   (You acquired it on level 2 of the Dungeon)

   [staff of earth]

   Base accuracy: +5 Base damage: 5 Base attack delay: 1.2 This weapon's minimum
   attack delay (0.6) is reached at skill level 12.
   Str:       It affects your strength (-4).
   rElec:     It insulates you from electricity.
   rN:        It greatly protects you from negative energy.
   Will:      It greatly increases your willpower.
   It falls into the 'Staves' category.
   It is a one-handed weapon.
Jewellery
 a - a ring of flight
 r - a +6 ring of dexterity (left hand)
 y - an amulet of magic regeneration (around neck)
 D - a ring of ice
 E - a ring of resist corrosion
 J - a ring of poison resistance (right hand)
Wands
 j - a wand of flame (2)
 s - a wand of digging (4)
 B - a wand of paralysis (10)
 I - a wand of iceblast (11)
 M - a wand of polymorph (3)
Scrolls
 f - 3 scrolls of immolation
 o - 3 scrolls of amnesia
 v - 4 scrolls of noise
 w - a scroll of magic mapping
 C - a scroll of fear
 O - 4 scrolls of teleportation
 S - a scroll of silence
 U - a scroll of blinking
 X - a scroll of identify
Potions
 c - 2 potions of magic
 g - 2 potions of cancellation
 i - 3 potions of berserk rage
 m - 4 potions of attraction
 t - a potion of resistance
 u - 2 potions of flight
 z - a potion of lignification
 A - 3 potions of brilliance
 L - a potion of invisibility


   Skills:
 + Level 8.0 Fighting
 + Level 8.0 Short Blades
 + Level 8.0 Long Blades
 + Level 8.0 Axes
 + Level 8.0 Maces & Flails
 + Level 8.0 Polearms
 + Level 8.0 Staves
 + Level 8.0 Ranged Weapons
 + Level 8.0 Throwing
 + Level 8.0 Armour
 + Level 9.3 Dodging
 + Level 9.1 Stealth
 + Level 8.0 Shields
 + Level 8.0 Unarmed Combat
 + Level 9.5 Spellcasting
 + Level 6.6 Conjurations
 + Level 6.6 Hexes
 + Level 6.6 Summonings
 + Level 6.6 Necromancy
 + Level 6.6 Translocations
 + Level 7.0 Transmutations
 + Level 6.6 Fire Magic
 + Level 6.6 Ice Magic
 + Level 6.6 Air Magic
 + Level 8.7 Earth Magic
 + Level 6.6 Poison Magic
 + Level 8.8 Invocations
 + Level 8.0 Evocations


You had 6 spell levels left.
You knew the following spells:

 Your Spells              Type           Power      Damage    Failure   Level
a - Sandblast             Erth           100%       2d20      1%          1
b - Stone Arrow           Conj/Erth      100%       3d13      1%          3
c - Frozen Ramparts       Ice            100%       1d16      1%          3
d - Poisonous Vapours     Pois/Air       100%       N/A       1%          2
e - Mephitic Cloud        Conj/Pois/Air  62%        N/A       1%          3
f - Freezing Cloud        Conj/Ice/Air   31%        6-21      4%          5
g - Ignite Poison         Fire/Tmut/Pois 63%        N/A       1%          3
h - Petrify               Tmut/Erth      87%        N/A       1%          4

Your spell library contained the following spells:

 Spells                   Type           Power      Damage    Failure   Level
 Freeze                   Ice            100%       1d10      1%          1
 Passwall                 Tmut/Erth      72%        N/A       1%          2
 Gell's Gravitas          Tloc           62%        N/A       1%          3
 Hailstorm                Conj/Ice       62%        3d13      1%          3
 Portal Projectile        Hex/Tloc       100%       N/A       1%          3
 Teleport Other           Tloc           62%        N/A       1%          3
 Tukima's Dance           Hex            62%        N/A       1%          3
 Animate Armour           Summ/Erth      100%       N/A       1%          4
 Blade Hands              Tmut           32%        N/A       3%          5
 Iron Shot                Conj/Erth      43%        9d8       16%         6
 Dispersal                Tloc           31%        N/A       24%         6
 Simulacrum               Ice/Necr       31%        N/A       24%         6
 Dragon Form              Tmut           32%        N/A       75%         7


Dungeon Overview and Level Annotations

Branches:
Dungeon (12/15)            Temple (0/1) D:5            Lair (1/5) D:10
    Orc (0/2) D:9          Bailey (visited)

Altars:
Ashenzari
Cheibriados
Dithmenos
Gozag
Hepliaklqana
Makhleb
Qazlal
Sif Muna
Trog
Uskayaw
Vehumet
Yredelemnul

Shops:
D:6 *   D:11 !((!*   D:12 [

Annotations:
D:3 Need wand of digging
D:6 2 runed translucent doors, suduhmizer's ghost, novice TrGl
D:7 2 transporters, Pimp's ghost, amateur DsHu
D:10 2 transporters, SecretSquirrel's ghost, journeyman BaHu
D:12 2 transporters, greasedhog's ghost, journeyman FoHu


Innate Abilities, Weirdness & Mutations

You have very sharp teeth.
Your uncanny sense of smell can sniff out nearby items.
Your experience applies equally to all skills.


Message History

Your Polearms skill increases to level 8!
Your Staves skill increases to level 8!
Your Ranged Weapons skill increases to level 8!
Your Throwing skill increases to level 8!
Your Armour skill increases to level 8!
Your Shields skill increases to level 8!
Your Unarmed Combat skill increases to level 8!
Your Evocations skill increases to level 8!
Really quaff the potion of lignification?
You turn into a tree.
Your +0 cloak melds into your body.
The +1 helmet of Powerful Joy {rC+ rN+ Int+3} melds into your body.
Your +1 pair of gloves melds into your body.
Your +2 pair of boots melds into your body.
The +1 leather armour of Mobb {rElec Int+3} melds into your body.
Your roots penetrate the ground.
The wall freezes the komodo dragon but does no damage.
The komodo dragon bites you.
* * * LOW HITPOINT WARNING * * *
The wall freezes the yak!
Your magical effects are unravelling.
You feel magically purged.
You feel less wooden.
Your +0 cloak unmelds from your body.
The +1 helmet of Powerful Joy {rC+ rN+ Int+3} unmelds from your body.
Your +1 pair of gloves unmelds from your body.
Your +2 pair of boots unmelds from your body.
The +1 leather armour of Mobb {rElec Int+3} unmelds from your body.
The frozen ramparts melt away.
The sentinel's mark upon you fades away.
The komodo dragon bites you but does no damage.
You feel very mighty all of a sudden. The komodo dragon misses you.
The yak misses you.
You are too injured to fight recklessly!
Casting: Frozen Ramparts (safe; 1% risk of failure)
Confirm with . or Enter, or press ? or * to list all spells.
Casting: Frozen Ramparts (safe; 1% risk of failure)
Press: ? - help, Dir - look around, f - activate The walls around you are covered in ice.
The wall freezes the komodo dragon!
The komodo dragon bites you!
You die...

..P(.................P......
.(.(.(.....?.......P....P...
...........................#
...........................#
..........................##
#...?....................)#
#.....?.....†....>.......##
##....####l#†...###......# #
##.. ##@Y..## ##....## # #.
##Y..# #....P# # # #†..#
....### #..Y# ...# #...# .P.
..... ∆ ....... ...)..


You could see a komodo dragon and 3 yaks.

Vanquished Creatures
  Nessos (D:12)
  A centaur warrior (D:12)
  2 two-headed ogres
  An orc knight (Bailey)
  A deep elf pyromancer (Bailey)
  A cyclops (D:11)
  Maurice (D:12)
  4 cane toads (Lair:1)
  2 gargoyles
  2 unseen horrors
  Psyche (D:9)
  A komodo dragon (D:11)
  2 trolls
  2 hornets
  3 slime creatures (D:12)
  3 shadows (D:12)
  A wyvern (Lair:1)
  A wraith (D:11)
  32 yaks
  A vampire (D:12)
  6 vampire mosquitoes (D:11)
  A steam dragon (D:8)
  3 acid dragons
  6 water moccasins
  7 orc warriors
  2 ice beasts
  A sky beast (D:7)
  An ogre (D:5)
  8 centaurs
  5 wolves (Lair:1)
  A phantom (D:6)
  4 kobold brigands
  4 bullfrogs
  5 scorpions
  A gnoll sergeant (D:10)
  4 wights (D:8)
  27 killer bees
  16 howler monkeys
  3 electric eels
  A jelly (D:6)
  A gnoll bouda (D:6)
  A hound (D:5)
  A sleepcap (D:5)
  3 iguanas
  4 orc wizards
  Terence (D:3)
  15 gnolls
  5 adders
  2 ufetubi
  2 worms (D:2)
  A dart slug (D:2)
  20 orcs
  7 bats
  7 endoplasms
  3 giant cockroaches
  8 goblins
  5 hobgoblins
  5 ball pythons
  2 frilled lizards (D:2)
  11 kobolds
  11 rats
284 creatures vanquished.

Notes
Turn   | Place    | Note
-------+----------+-------------------------------------------
     0 | D:1      | croobank the Gnoll Earth Elementalist began the quest for
                  | the Orb.
     0 | D:1      | Reached XP level 1. HP: 13/13 MP: 6/6
   397 | D:1      | Reached XP level 2. HP: 19/19 MP: 7/7
   797 | D:1      | Found a faded altar of an unknown god.
   802 | D:1      | Prayed at the altar of an unknown god.
   802 | D:1      | Became a worshipper of Cheibriados the Contemplative
   802 | D:1      | Reached * piety under Cheibriados
   949 | D:2      | Identified a scroll of acquirement
   949 | D:2      | Acquired the staff of earth "Xopn" {rElec rN++ Will+++
                  | Str-4}
  1181 | D:2      | Reached skill level 5 in Spellcasting
  1181 | D:2      | Reached XP level 3. HP: 25/25 MP: 6/9
  1481 | D:2      | Reached skill level 1 in Invocations
  1686 | D:2      | Reached ** piety under Cheibriados
  2054 | D:3      | Found a broken altar of Ashenzari.
  2058 | D:3      | Saw a vision of the Shoals and the Snake Pit.
  2058 | D:3      | Noticed a merfolk impaler
  2058 | D:3      | Noticed a manticore
  2058 | D:3      | Noticed a kraken
  2058 | D:3      | Noticed a harpy
  2058 | D:3      | Noticed a sea snake
  2058 | D:3      | Noticed a water elemental
  2058 | D:3      | Noticed a skyshark
  2058 | D:3      | Noticed a naga ritualist
  2058 | D:3      | Noticed a naga ritualist
  2058 | D:3      | Noticed a naga sharpshooter
  2058 | D:3      | Noticed a naga mage
  2058 | D:3      | Noticed a black mamba
  2069 | D:3      | Found a stormy altar of Qazlal.
  2078 | D:3      | Reached skill level 1 in Fighting
  2078 | D:3      | Reached skill level 1 in Short Blades
  2078 | D:3      | Reached skill level 1 in Long Blades
  2078 | D:3      | Reached skill level 1 in Axes
  2078 | D:3      | Reached skill level 1 in Maces & Flails
  2078 | D:3      | Reached skill level 1 in Polearms
  2078 | D:3      | Reached skill level 1 in Staves
  2078 | D:3      | Reached skill level 1 in Ranged Weapons
  2078 | D:3      | Reached skill level 1 in Throwing
  2078 | D:3      | Reached skill level 1 in Armour
  2078 | D:3      | Reached skill level 1 in Shields
  2078 | D:3      | Reached skill level 1 in Unarmed Combat
  2078 | D:3      | Reached skill level 1 in Evocations
  2124 | D:3      | Found a radiant altar of Vehumet.
  2133 | D:3      | Reached XP level 4. HP: 29/32 MP: 8/11
  2281 | D:3      | Noticed Terence
  2287 | D:3      | Killed Terence
  2288 | D:3      | Reached skill level 1 in Conjurations
  2288 | D:3      | Reached skill level 1 in Hexes
  2288 | D:3      | Reached skill level 1 in Summonings
  2288 | D:3      | Reached skill level 1 in Necromancy
  2288 | D:3      | Reached skill level 1 in Translocations
  2288 | D:3      | Reached skill level 1 in Fire Magic
  2288 | D:3      | Reached skill level 1 in Ice Magic
  2288 | D:3      | Reached skill level 1 in Air Magic
  2288 | D:3      | Reached skill level 1 in Poison Magic
  3115 | D:4      | Reached XP level 5. HP: 37/37 MP: 8/12
  3119 | D:4      | Learned a level 3 spell: Stone Arrow
  3123 | D:4      | Learned a level 3 spell: Frozen Ramparts
  3478 | D:4      | Reached *** piety under Cheibriados
  3503 | D:4      | Got Sif Muna's Book of Frostbitten Composition
  3517 | D:4      | Reached XP level 6. HP: 40/44 MP: 9/13
  3735 | D:5      | Entered Level 5 of the Dungeon
  3775 | D:5      | Reached skill level 5 in Dodging
  3853 | D:5      | Reached XP level 7. HP: 50/50 MP: 11/15
  3903 | D:5      | Learned a level 2 spell: Poisonous Vapours
  4272 | D:5      | Found a burning altar of Makhleb.
  4373 | D:5      | Found a staircase to the Ecumenical Temple.
  4579 | D:6      | Noticed a yak
  4579 | D:6      | Noticed a yak
  4579 | D:6      | Noticed a yak
  4579 | D:6      | Noticed a yak
  4579 | D:6      | Found an opulent altar of Gozag.
  4657 | D:6      | Reached skill level 5 in Stealth
  4792 | D:6      | Killed a yak
  4793 | D:6      | Reached XP level 8. HP: 58/58 MP: 10/16
  4801 | D:6      | Killed a yak
  4808 | D:6      | Killed a yak
  4809 | D:6      | Killed a yak
  4809 | D:6      | Reached **** piety under Cheibriados
  4929 | D:6      | Noticed a +0 short sword
  4929 | D:6      | Noticed a +0 falchion
  4929 | D:6      | Noticed a +0 short sword
  4930 | D:6      | Noticed a +0 spear
  5296 | D:6      | Found Egamuozahu's General Store.
  5335 | D:6      | Found a large runed translucent door.
  5336 | D:6      | Found a large runed translucent door.
  5337 | D:6      | Noticed suduhmizer's ghost (novice TrGl)
  5345 | D:6      | Noticed a +0 spear
  5345 | D:6      | Noticed a +0 falchion
  5345 | D:6      | Noticed a +0 dagger
  5347 | D:6      | Noticed a +0 dagger
  5387 | D:6      | Found a hide-covered altar of Uskayaw.
  5669 | D:6      | Reached XP level 9. HP: 65/65 MP: 13/18
  6023 | D:7      | Found a shimmering blue altar of Sif Muna.
  6060 | D:7      | Found a basalt altar of Yredelemnul.
  6064 | D:7      | Found a transporter.
  6064 | D:7      | Found a transporter.
  6064 | D:7      | Noticed Pimp's ghost (amateur DsHu)
  6069 | D:7      | Noticed a queen bee
  6567 | D:7      | Found a shadowy altar of Dithmenos.
  6959 | D:6      | Bought a wand of digging (5) for 252 gold pieces
  7288 | D:8      | Learned a level 3 spell: Mephitic Cloud
  7372 | D:8      | Reached skill level 5 in Invocations
  7541 | D:8      | Reached ***** piety under Cheibriados
  7831 | D:9      | Found a staircase to the Orcish Mines.
  7879 | D:9      | Reached skill level 5 in Fighting
  7879 | D:9      | Reached skill level 5 in Short Blades
  7879 | D:9      | Reached skill level 5 in Long Blades
  7879 | D:9      | Reached skill level 5 in Axes
  7879 | D:9      | Reached skill level 5 in Maces & Flails
  7879 | D:9      | Reached skill level 5 in Polearms
  7879 | D:9      | Reached skill level 5 in Staves
  7879 | D:9      | Reached skill level 5 in Ranged Weapons
  7879 | D:9      | Reached skill level 5 in Throwing
  7879 | D:9      | Reached skill level 5 in Armour
  7879 | D:9      | Reached skill level 5 in Shields
  7879 | D:9      | Reached skill level 5 in Unarmed Combat
  7879 | D:9      | Reached skill level 5 in Evocations
  7879 | D:9      | Reached XP level 10. HP: 74/74 MP: 20/20
  8044 | D:9      | Noticed Psyche
  8056 | D:9      | Killed Psyche
  8335 | D:9      | Identified the +9 dagger of Quick Death {heavy, Str+3
                  | Dex+3}
  8381 | D:9      | Reached skill level 5 in Transmutations
  8504 | D:9      | Found a hazy altar of Hepliaklqana.
  8509 | D:9      | Paralysed by a hornet for 3 turns
  8743 | D:9      | Found a bloodstained altar of Trog.
  8828 | D:9      | Noticed a two-headed ogre
  8833 | D:9      | Killed a two-headed ogre
  9085 | D:10     | Entered Level 10 of the Dungeon
  9141 | D:10     | Found a transporter.
  9141 | D:10     | Noticed SecretSquirrel's ghost (journeyman BaHu)
  9141 | D:10     | Noticed a cyclops
  9167 | D:10     | Found a transporter.
  9300 | D:10     | Found a flagged portal.
  9321 | Bailey   | Entered a bailey
  9342 | Bailey   | Learned a level 5 spell: Freezing Cloud
  9383 | Bailey   | Found a large runed translucent door.
  9383 | Bailey   | Found a large runed translucent door.
  9385 | Bailey   | Noticed a deep elf pyromancer
  9385 | Bailey   | Noticed an orc knight
  9393 | Bailey   | Reached skill level 5 in Conjurations
  9393 | Bailey   | Reached skill level 5 in Hexes
  9393 | Bailey   | Reached skill level 5 in Summonings
  9393 | Bailey   | Reached skill level 5 in Necromancy
  9393 | Bailey   | Reached skill level 5 in Translocations
  9393 | Bailey   | Reached skill level 5 in Fire Magic
  9393 | Bailey   | Reached skill level 5 in Ice Magic
  9393 | Bailey   | Reached skill level 5 in Air Magic
  9393 | Bailey   | Reached skill level 5 in Poison Magic
  9393 | Bailey   | Reached XP level 11. HP: 64/81 MP: 22/22
  9400 | Bailey   | Learned a level 3 spell: Ignite Poison
  9408 | Bailey   | Killed an orc knight
  9409 | Bailey   | Reached ****** piety under Cheibriados
  9558 | Bailey   | Killed a deep elf pyromancer
  9568 | Bailey   | Identified the +1 helmet of Powerful Joy {rC+ rN+ Int+3}
  9904 | D:10     | Found a staircase to the Lair.
  9950 | D:10     | Identified the +1 leather armour of Mobb {rElec Int+3}
 10049 | D:10     | Learned a level 4 spell: Petrify
 10655 | D:11     | Found Kien Hoi's Weapon Boutique.
 10662 | D:11     | You fall into a shaft and drop 1 floor!
 10713 | D:12     | Noticed a centaur warrior
 10839 | D:11     | Found Ete Jaint's Distillery.
 10858 | D:11     | Noticed a cyclops
 10871 | D:11     | Killed a cyclops
 10937 | D:11     | Found Hoysonai's Weapon Boutique.
 11115 | D:11     | Bought a potion of curing for 42 gold pieces
 11115 | D:11     | Bought a potion of magic for 112 gold pieces
 11115 | D:11     | Bought a potion of might for 56 gold pieces
 11115 | D:11     | Bought a potion of brilliance for 56 gold pieces
 11195 | D:11     | Found Xokarroc's Neck Hole.
 11311 | D:11     | Found Ikkeuxos's Distillery.
 11315 | D:11     | Bought a potion of berserk rage for 55 gold pieces
 11477 | D:12     | Reached XP level 12. HP: 91/91 MP: 24/24
 11522 | D:12     | Found a transporter.
 11522 | D:12     | Noticed greasedhog's ghost (journeyman FoHu)
 11522 | D:12     | Noticed a shock serpent
 11523 | D:12     | a shock serpent changed into a floating eye
 11559 | D:12     | a yaktaur changed into a skyshark
 11559 | D:12     | Noticed a skyshark (glowing shapeshifter)
 11561 | D:12     | a skyshark changed into a steelbarb worm
 11655 | D:12     | Killed a centaur warrior
 11821 | D:12     | Noticed a shock serpent
 11822 | D:12     | Found a transporter.
 11845 | D:12     | Noticed a two-headed ogre
 11846 | D:12     | a two-headed ogre changed into a skyshark
 11846 | D:12     | Noticed a skyshark (glowing shapeshifter)
 11847 | D:12     | a skyshark changed into an elephant
 11863 | D:12     | a slime creature changed into a fire dragon
 11863 | D:12     | Noticed a fire dragon (glowing shapeshifter)
 11876 | D:12     | Found Vufreomy's Armour Boutique.
 11876 | D:12     | Noticed an animated crystal plate armour
 11876 | D:12     | Noticed an animated storm dragon scales
 11886 | D:12     | Noticed Nessos
 11896 | D:12     | Killed Nessos
 12135 | D:12     | Noticed Maurice
 12158 | D:12     | Killed Maurice
 12237 | D:12     | Noticed a two-headed ogre
 12249 | D:12     | Killed a two-headed ogre
 12465 | Lair:1   | Entered Level 1 of the Lair of Beasts
 13531 | Lair:1   | Slain by a komodo dragon

Illustrated notes

Levels and vault maps discovered:
D:1:      dpeg_arrival_arbitrary_b, layout_basic,
          shapermc_ecumenical_altar_petra, chequers_garden
D:2:      layout_basic, st_stairs_7, minmay_rat_gold_closets
D:3:      layout_basic, grunt_qazlal_clouds, vehumet_altar_wand_db,
          grunt_ashenzari_visionary [grunt_ashenzari_visionary_shoals,
          grunt_ashenzari_visionary_snake], due_unseen_surprise, uniq_terence
D:4:      layout_basic, minmay_three_crescents
D:5:      layout_loops_ring, bloody_makhleb, minmay_temple_entry_glassed_door
D:6:      layout_basic, mainiacjoe_overflow_cross_hatched,
          nicolae_uskayaw_en_pointe, serial_shops, nicolae_shop_tiny_glass,
          ebering_ghost_disaster_area
D:7:      layout_basic, lemuel_crystal_altar, nicolae_sif_muna_little_library,
          lemuel_crystal_altar, gammafunk_ghost_hive
D:8:      layout_rooms
D:9:      layout_roguey, trog_butcher_becter, nicolae_hepliaklqana_hippocampus,
          uniq_psyche
D:10:     layout_loops_ring, lair_entry_dummy, enter_bailey_7,
          gammafunk_ghost_arena, minmay_misc_feat_columns,
          minmay_misc_feat_cross
D:11:     layout_rooms, serial_shops, nicolae_shop_waterfront,
          nicolae_shop_back_alley_shop, nicolae_shop_tiny_waterfront,
          nicolae_shop_hallway_plus, nicolae_shop_sticking_my_neck_out
D:12:     layout_stronghold, serial_shops, nicolae_shop_mannequins,
          gammafunk_ghost_arena, serial_glass, glass_columns_c, glass_columns_a,
          item_on_display_a, feat_on_display, uniq_nessos, uniq_maurice
Lair:1:   layout_hall_layers, lemuel_fruit_fields, lemuel_fruit_fields,
          grunt_megastairs_4, serial_bayou_shore_a, lemuel_fruit_tree,
          infiniplex_staircase_pool

Skill      XL: |  1  2  3  4  5  6  7  8  9 10 11 12 |
---------------+-------------------------------------+-----
Transmutations | 2 3 4 5 6 7 |  7.0
Spellcasting   | 5 6 7 8 9 |  9.5
Invocations    | 1 2 3 4 5 6 7 8 |  8.8
Fighting       | 1 2 3 5 6 7 8 |  8.0
Short Blades   | 1 2 3 5 6 7 8 |  8.0
Long Blades    | 1 2 3 5 6 7 8 |  8.0
Axes           | 1 2 3 5 6 7 8 |  8.0
Maces & Flails | 1 2 3 5 6 7 8 |  8.0
Polearms       | 1 2 3 5 6 7 8 |  8.0
Staves         | 1 2 3 5 6 7 8 |  8.0
Ranged Weapons | 1 2 3 5 6 7 8 |  8.0
Throwing       | 1 2 3 5 6 7 8 |  8.0
Armour         | 1 2 3 5 6 7 8 |  8.0
Shields        | 1 2 3 5 6 7 8 |  8.0
Unarmed Combat | 1 2 3 5 6 7 8 |  8.0
Evocations     | 1 2 3 5 6 7 8 |  8.0
Conjurations   | 1 2 3 4 5 6 |  6.6
Hexes          | 1 2 3 4 5 6 |  6.6
Summonings     | 1 2 3 4 5 6 |  6.6
Necromancy     | 1 2 3 4 5 6 |  6.6
Translocations | 1 2 3 4 5 6 |  6.6
Fire Magic     | 1 2 3 4 5 6 |  6.6
Ice Magic      | 1 2 3 4 5 6 |  6.6
Air Magic      | 1 2 3 4 5 6 |  6.6
Poison Magic   | 1 2 3 4 5 6 |  6.6
Dodging        | 5 6 7 8 9 |  9.3
Stealth        | 5 6 7 8 9 |  9.1
Earth Magic    | 6 7 8 |  8.7

Action                     |  1- 3 |  4- 6 |  7- 9 | 10-12 || total
---------------------------+-------+-------+-------+-------++-------
  Melee: Staff             |       |       |    12 |   131 ||   143
         Bite              |       |       |     5 |    49 ||    54
         Spear             |       |       |     6 |   212 ||   218
         Punch             |       |       |       |    22 ||    22
   Fire: Sling             |    12 |       |       |       ||    12
   Cast: Sandblast         |    36 |    44 |    67 |    32 ||   179
         Frozen Ramparts   |       |       |    23 |    52 ||    75
         Poisonous Vapours |       |       |     2 |     2 ||     4
         Stone Arrow       |       |       |     5 |     8 ||    13
         Mephitic Cloud    |       |       |       |    10 ||    10
         Freezing Cloud    |       |       |       |     4 ||     4
         Petrify           |       |       |       |     4 ||     4
         Ignite Poison     |       |       |       |     2 ||     2
 Invoke: Slouch            |       |       |       |     4 ||     4
  Evoke: Wand              |       |       |     1 |     6 ||     7
    Use: Scroll            |     5 |     4 |    13 |    10 ||    32
         Potion            |       |       |       |     8 ||     8
   Stab: Sleeping          |       |       |     2 |     3 ||     5
         Confused          |       |       |       |     5 ||     5
         Petrified         |       |       |       |    14 ||    14
         Petrifying        |       |       |       |     4 ||     4
         Distracted        |       |       |       |     1 ||     1
         Paralysed         |       |       |       |     6 ||     6
 Armour: Robe              |     1 |     1 |    15 |    33 ||    50
         Leather armour    |       |       |       |    87 ||    87
  Dodge: Dodged            |     9 |    11 |    59 |   423 ||   502
